cohdb
Replays
Latest Replays
All Replays
Popular Replays
Top Player Replays
Match Explorer
How It Works
Community
CoH3 Stats
Reddit
Sign in to upload your games and track your stats! →
Sign in with Steam
Match 38467383
Unlisted
Match 38467383
Overview
Messages
Build Orders
End
Engineer Squad
Selects Airborne Battlegroup
Selects Pathfinders
Construct Weapon Support Center
Sniper
Infantry Support Center
Selects Paratrooper Squad Paradrop
Paratrooper Squad Paradrop
Paratrooper Squad Paradrop
M3 Armored Personnel Carrier
M3 Armored Personnel Carrier
Advanced Logistics
Munitions Surplus
Selects Anti-tank Gun Team Paradrop
Survival Training
Forward Retreat Point
Selects Recon Loiter
Selects Supply Drop
M3 Armored Personnel Carrier
Construct Tank Depot
Selects Carpet Bombing Run
M4A1 Sherman Medium Tank
Carpet Bombing Run
Losttruppen
Planet Smasher
Hansi'(ツ)
Skaarj
Thrusher
Bonhoeffer
SoulFight
-=[pzkwJAGDt]=-Executor85
0
0
Comments
sign in to comment!
No comments posted yet!